 Seeded DCSS version 0.27.1-3-gb3d3a73c9e (webtiles) character file.

Game seed: 20211021 (custom seed)

0 jessy the Bolt Thrower (level 1, -2/13 HPs)
             Began as a Gnoll Wanderer on Oct 21, 2021.
             Slain by a hobgoblin (3 damage)
             ... on level 1 of the Dungeon.
             The game lasted 00:00:54 (156 turns).

jessy the Bolt Thrower (Gnoll Wanderer)              Turns: 156, Time: 00:00:54

Health: -2/13      AC:  3    Str: 13    XL:     1   Next: 10%
Magic:  4/4        EV: 11    Int:  9    God:
Gold:   0          SH:  5    Dex: 11    Spells: 5/5 levels left

rFire    . . .     SeeInvis .   a - +0 club
rCold    . . .     Faith    .   (no shield)
rNeg     . . .     Spirit   .   b - +0 robe
rPois    .         Reflect  +   (no helmet)
rElec    .         Harm     .   f - +0 cloak
rCorr    .         Rampage  .   (no gloves)
Will     .....                  (no boots)
Stlth    ++........             d - amulet of reflection
HPRegen  0.04/turn              (no ring)
MPRegen  0.09/turn              (no ring)

@: no status effects
A: fangs 1, strong nose, distributed training
a: no special abilities


You were on level 1 of the Dungeon.
You visited 1 branch of the dungeon, and saw 1 of its levels.

Inventory:

Hand Weapons
 a - a +0 club (weapon)
Armour
 b - a +0 robe (worn)
 f - a +0 cloak (worn)
Jewellery
 d - an amulet of reflection (around neck)
Scrolls
 c - 2 scrolls of teleportation
 e - a scroll of amnesia {unknown}
Potions
 g - a potion of attraction {unknown}


   Skills:
 + Level 0.0 Fighting
 + Level 0.0 Short Blades
 + Level 0.0 Long Blades
 + Level 0.0 Axes
 + Level 0.0 Maces & Flails
 + Level 0.0 Polearms
 + Level 0.0 Staves
 + Level 0.0 Slings
 + Level 0.0 Bows
 + Level 4.4 Crossbows
 + Level 2.3 Throwing
 + Level 2.3 Armour
 + Level 0.0 Dodging
 + Level 2.1 Stealth
 + Level 0.0 Shields
 + Level 0.0 Unarmed Combat
 + Level 2.6 Spellcasting
 + Level 0.0 Conjurations
 + Level 0.0 Hexes
 + Level 0.0 Summonings
 + Level 3.6 Necromancy
 + Level 0.0 Translocations
 + Level 0.0 Transmutations
 + Level 0.0 Fire Magic
 + Level 0.0 Ice Magic
 + Level 0.0 Air Magic
 + Level 3.6 Earth Magic
 + Level 0.0 Poison Magic
 + Level 0.0 Invocations
 + Level 0.0 Evocations


You had 5 spell levels left.
You didn't know any spells.
Your spell library contained the following spells:

 Spells                   Type           Power      Damage    Failure   Level
 Animate Skeleton         Necr           14%        N/A       7%          1
 Pain                     Necr           28%        1d5       7%          1
 Vampiric Draining        Necr           3%         2d6       22%         3
 Summon Small Mammal      Summ           4%         N/A       32%         1
 Animate Dead             Necr           3%         N/A       56%         4
 Call Canine Familiar     Summ           1%         N/A       67%         3
 Agony                    Necr           7%         N/A       89%         5


Dungeon Overview and Level Annotations

Branches:
Dungeon (1/15)

Altars:

Shops:
D:1 ?


Innate Abilities, Weirdness & Mutations

You have very sharp teeth.
Your uncanny sense of smell can sniff out nearby items.
Your experience applies equally to all skills.


Message History

Moving in this stuff is going to be slow.
You enter the shallow water.
Moving in this stuff is going to be slow.
A kobold comes into view. It is wielding a +0 club.
Found 20 bolts.
The helpless kobold fails to defend itself.
You hit the kobold. You bite the kobold, but do no damage.
The kobold is severely wounded.
The kobold hits you but does no damage.
You hit the kobold.
You kill the kobold!
Found a scroll of teleportation.
Things that are here:
a +0 club; 4 stones
Found Gecead's Magic Scroll Emporium.
Found an escape hatch in the floor.
Found a bubbling cyan potion.
You see here 20 bolts.
c - 2 scrolls of teleportation (gained 1)
g - a bubbling cyan potion
Found 20 stones.
Found a stone staircase leading down.
A hobgoblin comes into view.
There is a stone staircase leading down here.
Found a leather armour and a scroll labelled IMONIU PUITOY.
The hobgoblin shouts!
A kobold comes into view. It is wielding a +0 whip.
The hobgoblin barely misses you.
The kobold shouts!
The kobold throws a stone.
The stone hits you but does no damage. The hobgoblin hits you.
The kobold throws a stone.
The stone hits you but does no damage. You block the hobgoblin's attack.
You block the kobold's attack. The hobgoblin misses you.
The kobold hits you with a +0 whip. The kobold closely misses you.
The kobold closely misses you.
You closely miss the kobold. You block the kobold's attack.
The hobgoblin hits you. The kobold hits you with a +0 whip.
* * * LOW HITPOINT WARNING * * *
The hobgoblin hits you.
You die...

######## .......#
.###.#.######
...#.#......#
.#.###......#########
........>...........#
.#.###..........[...#
.#...#......(...Kg..#
.###.#..........@...#
.......###..........#
####..##
#......?......# ##.
#..........##... #.
########..## ## #...
# ## ##... # .. ....
# .


You could see a hobgoblin and a kobold.

Vanquished Creatures
  A kobold (D:1)
1 creature vanquished.

Notes
Turn   | Place    | Note
-------+----------+-------------------------------------------
     0 | D:1      | jessy the Gnoll Wanderer began the quest for the Orb.
     0 | D:1      | jessy set off with the following items: a +0 club, a +0
                  | robe, a scroll of teleportation; and the following spells
                  | available to memorise: Animate Skeleton, Pain, Vampiric
                  | Draining, Summon Small Mammal, Animate Dead, Call Canine
                  | Familiar, Agony
     0 | D:1      | Reached XP level 1. HP: 13/13 MP: 4/4
    93 | D:1      | Found Gecead's Magic Scroll Emporium.
   156 | D:1      | Slain by a hobgoblin

Illustrated notes

Levels and vault maps discovered:
D:1:      denvon_arrival_waterhouse, layout_rooms, serial_shops, shop_statue,
          minmay_misc_feat_roman

Action                   || total
-------------------------++-------
Melee: Club              ||     3
       Bite              ||     1
 Stab: Sleeping          ||     1
Armor: Robe              ||     3
Dodge: Dodged            ||     4
Block: Other             ||     3
